 Dungeon Crawl Stone Soup version 0.20.1-1-g8b1a95d (webtiles) character file.

291 dmj the Shield-Bearer (level 6, -4/61 HPs)
             Began as a Troll Fighter on July 31, 2017.
             Slain by dmj's ghost (5 damage)
             ... on level 4 of the Dungeon.
             The game lasted 00:11:34 (1982 turns).

dmj the Shield-Bearer (Troll Fighter)               Turns: 1982, Time: 00:11:35

Health: -4/61      AC:  6    Str: 27    XL:     6   Next: 10%
Magic:  5/5        EV:  9    Int:  9    God:
Gold:   175        SH:  9    Dex:  9    Spells: 5/5 levels left

rFire    . . .     SeeInvis .   a - +0 war axe
rCold    . . .     Gourm    +   c - +0 shield
rNeg     . . .     Faith    .   b - +0 robe
rPois    .         Spirit   .   (helmet restricted)
rElec    .         Reflect  .   i - +0 cloak
rCorr    .         Harm     .   (gloves unavailable)
MR       .....                  (boots unavailable)
Stlth    +.........             (no amulet)
Regen    0.6/turn               (no ring)
MPRegen  0.1/turn               (no ring)

@: brilliant
A: unfitting armour, claws 3, fast metabolism 3, gourmand, regeneration 1,
shaggy fur 1, tough skin 2
a: no special abilities


You were on level 4 of the Dungeon.
You were not hungry.

You visited 1 branch of the dungeon, and saw 4 of its levels.

You collected 175 gold pieces.

Inventory:

Hand Weapons
 a - a +0 war axe (weapon)
 p - a +0 trident
Armour
 b - a +0 robe (worn)
 c - a +0 shield (worn)
 i - a +0 cloak (worn)
Magical Staves
 n - an uncursed staff of cold
Scrolls
 e - a scroll of identify
 h - a scroll of recharging
 j - 2 scrolls of teleportation
Potions
 g - 2 potions of cancellation
Comestibles
 f - 3 bread rations
 k - 4 fruits
 l - 2 meat rations
 m - a royal jelly


   Skills:
 + Level 3.0 Fighting
 + Level 3.4 Axes
 + Level 0.1 Staves
 + Level 3.4 Dodging
 + Level 3.6 Shields


You had 5 spell levels left.
You didn't know any spells.

Dungeon Overview and Level Annotations

Branches:
Dungeon (4/15)
 Temple: D:4-7

Altars:
Cheibriados
Dithmenos
Kikubaaqudgha
Qazlal
Trog

Annotations:
D:4 dmj's ghost, amateur MiFi


Innate Abilities, Weirdness & Mutations

You are too large for most types of armour.
You have claws for hands.
Your metabolism is lightning-fast.
You like to eat raw meat.
Your natural rate of healing is unusually fast.
You are covered in fur. (AC +1)
You have very tough skin. (AC +2)


Message History

Dmj's ghost hits you!
You hit dmj's ghost but do no damage.
Dmj's ghost is lightly damaged.
Dmj's ghost hits you! You block dmj's ghost's attack.
You slash dmj's ghost!
Dmj's ghost is moderately damaged.
You block dmj's ghost's attack.
You barely miss dmj's ghost.
Dmj's ghost is moderately damaged.
You block dmj's ghost's attack. Dmj's ghost hits you!
You hit dmj's ghost but do no damage.
Dmj's ghost is moderately damaged.
Dmj's ghost hits you!
* * * LOW HITPOINT WARNING * * *
You hit dmj's ghost but do no damage.
Dmj's ghost is moderately damaged.
Dmj's ghost hits you!
* * * LOW HITPOINT WARNING * * *
Dmj's ghost hits you.
You die...

......##.# ♣♣...♣♣ #.......
..###.#..# ♣♣.....♣♣ ##<##### ..#
#....## ♣♣.......♣♣ ##..# ..#
###...# ♣...≈≈≈...♣##.### .##
#...###..≈≈≈≈≈...##.####### ##
#...##...≈≈♣≈≈.).##.......#
#######.......[≈≈≈≈≈...##.......#
#).(.......##...≈W≈.............#
.[.........###..@...............#
#).........###.......#.##........
#######.........#..#.#. #........
#...##........... #........
#...#####.##.#.###########.
#...... #.##.#.# #. #....#.#
#.##.#.##### #. #.....#.#
#..........#### ## #..#### #
#.##.##.......#


You could see dmj's ghost.

Vanquished Creatures
  An orc priest (D:4)
  A bullfrog skeleton (D:4)
  Jessica (D:3)
  An orc wizard (D:4)
  A worker ant (D:3)
  Robin (D:3)
  3 gnolls (D:3)
  3 adders
  3 worms
  3 dart slugs
  A leopard gecko (D:3)
  5 orcs
  14 goblins
  12 hobgoblins
  2 jackals (D:1)
  2 quokkas
  8 bats
  3 frilled lizards
  8 kobolds
  6 rats
79 creatures vanquished.

Notes
Turn   | Place    | Note
-------+----------+-------------------------------------------
     0 | D:1      | dmj the Troll Fighter began the quest for the Orb.
     0 | D:1      | Reached XP level 1. HP: 22/22 MP: 0/0
   118 | D:1      | Reached XP level 2. HP: 29/29 MP: 1/1
   571 | D:2      | Reached XP level 3. HP: 36/36 MP: 2/2
  1082 | D:2      | Found a bloodstained altar of Trog.
  1155 | D:3      | Reached XP level 4. HP: 33/44 MP: 3/3
  1274 | D:3      | Noticed Robin
  1288 | D:3      | Killed Robin
  1331 | D:3      | Reached XP level 5. HP: 50/52 MP: 4/4
  1402 | D:3      | Found an ancient bone altar of Kikubaaqudgha.
  1402 | D:3      | Found a stormy altar of Qazlal.
  1425 | D:3      | Found a shadowy altar of Dithmenos.
  1502 | D:3      | Found a snail-covered altar of Cheibriados.
  1651 | D:3      | Noticed Jessica
  1656 | D:3      | Killed Jessica
  1737 | D:4      | Noticed dmj's ghost (amateur MiFi)
  1885 | D:4      | Reached XP level 6. HP: 52/59 MP: 5/5
  1982 | D:4      | HP: 1/61 [dmj's ghost (8)]
  1982 | D:4      | Slain by dmj's ghost

Skill      XL: |  1  2  3  4  5  6 |
---------------+-------------------+-----
Axes           | 2 3 |  3.4
Shields        | 3 |  3.6
Dodging        | 3 |  3.4
Fighting       | 3 |  3.0
Staves         | |  0.1

Action                   |  1- 3 |  4- 6 || total
-------------------------+-------+-------++-------
Melee: War axe           |   171 |   102 ||   273
       Staff             |       |    72 ||    72
  Use: Scroll            |     2 |     5 ||     7
       Potion            |     1 |     3 ||     4
 Stab: Sleeping          |     2 |       ||     2
  Eat: Bread ration      |     2 |       ||     2
       Chunk             |       |    11 ||    11
Armor: Robe              |   115 |    64 ||   179
Dodge: Dodged            |    96 |    64 ||   160
Block: Shield            |   113 |    76 ||   189
